 Dungeon Crawl Stone Soup version 0.23.2-1-ga50397a (webtiles) character file.

Game seed: 5316318332025027316

628 Fang the Skirmisher (level 7, 0/66 HPs)
             Began as a Gargoyle Berserker on May 31, 2019.
             Was a Priest of Trog.
             Killed by divine providence
             ... invoked by an orc priest
              (11 damage)
             ... on level 4 of the Dungeon.
             The game lasted 00:05:05 (3165 turns).

Fang the Skirmisher (Gargoyle Berserker)            Turns: 3165, Time: 00:05:05

Health: 0/66       AC: 14    Str: 28    XL:     7   Next: 48%
Magic:  7/7        EV: 10    Int:  7    God:    Trog [***...]
Gold:   236        SH:  0    Dex:  9    Spells: 6/6 levels left

rFire    . . .     SeeInvis .   a - +0 war axe
rCold    . . .     Gourm    .   (no shield)
rNeg     + . .     Faith    .   b - +0 chain mail
rPois    ∞         Spirit   .   (no helmet)
rElec    +         Reflect  .   (no cloak)
rCorr    .         Harm     .   (no gloves)
MR       .....                  (no boots)
Stlth    ..........             (no amulet)
HPRegen  0.21/turn              (no ring)
MPRegen  0.10/turn              (no ring)

@: berserking, very quick
A: negative energy resistance 1, electricity resistance, unbreathing,
petrification resistance, rot immunity, AC +4
a: Berserk, Trog's Hand, Renounce Religion


You were on level 4 of the Dungeon.
You worshipped Trog.
Trog was most pleased with you.
You were very hungry.

You visited 1 branch of the dungeon, and saw 4 of its levels.

You collected 236 gold pieces.

Inventory:

Hand Weapons
 a - a +0 war axe (weapon)
Armour
 b - a +0 chain mail (worn)
Scrolls
 e - a scroll of enchant weapon {unknown}
 f - 6 scrolls of identify {unknown}
 g - a scroll of immolation {unknown}
 i - a scroll of fog {unknown}
 j - a scroll of remove curse {unknown}
 m - 2 scrolls of fear {unknown}
 n - 2 scrolls of amnesia {unknown}
Potions
 d - a potion of flight {unknown}
 h - a potion of curing {unknown}
 k - a potion of haste {unknown}
 l - a potion of heal wounds {unknown}
Comestibles
 c - 13 rations


   Skills:
 + Level 5.4 Fighting
 + Level 4.5 Axes
 + Level 4.7 Armour
 + Level 3.5 Dodging


You had 6 spell levels left.
You didn't know any spells.
Your spell library was empty.

Dungeon Overview and Level Annotations

Branches:
Dungeon (4/15)
 Temple: D:4-7

Altars:
Ashenzari
Elyvilon
Gozag
Uskayaw
Xom


Innate Abilities, Weirdness & Mutations

You are resistant to torment.
Your stone body is resilient. (AC +4)
You are immune to poison.
You resist negative energy. (rN+)
You are resistant to electric shocks. (rElec)
You can survive without breathing.
You are immune to petrification.
You are immune to rotting.


Message History

The orc wizard hits you but does no damage.
You hit the orc wizard.
The orc wizard is moderately wounded.
The orc wizard hits you but does no damage.
The orc wizard mumbles some strange words.
The orc wizard blinks!
The orc priest invokes the aid of Beogh against you.
Beogh smites you!
* * * LOW HITPOINT WARNING * * *
You slash the orc wizard!
You kill the orc wizard!
Trog accepts your kill.
Trog appreciates your killing of a magic user.
The orc wizard casts a spell.
The orc wizard blinks!
You closely miss the orc priest.
The orc priest is heavily wounded.
The orc priest mumbles some strange prayers to Beogh against you.
Beogh smites you!
You die...

#####.###### #
##.........
###..#......#
.....#......#
.............
#######.....#
......#.....#
......#.....############
......# . #...@oo§o..§
......# #.##########
......# #.# ......# #.#
####### #.# ....# ###.##
....# #....#
....#######....##.
..........'........


You could see an orc priest and 2 orcs.

Vanquished Creatures
  Grinder (D:3)
  An ogre (D:3)
  A crimson imp (D:3)
  The ghost of Spectrina the Chiller, a weakling VSIE (D:3)
  An orc priest (D:3)
  2 orc wizards
  A worker ant (D:4)
  Robin (D:3)
  5 adders
  2 oozes (D:1)
  A worm (D:2)
  3 leopard geckos
  6 orcs (D:3)
  11 giant cockroaches
  21 goblins
  12 hobgoblins
  4 jackals
  10 kobolds
  2 quokkas (D:2)
  A ball python (D:3)
  10 bats
  3 frilled lizards
  12 rats
112 creatures vanquished.

Notes
Turn   | Place    | Note
-------+----------+-------------------------------------------
     0 | D:1      | Fang the Gargoyle Berserker began the quest for the Orb.
     0 | D:1      | Reached XP level 1. HP: 14/14 MP: 1/1
    56 | D:1      | Reached XP level 2. HP: 11/19 MP: 2/2
   476 | D:1      | Reached XP level 3. HP: 23/23 MP: 3/3
   656 | D:1      | Reached ** piety under Trog
  1111 | D:2      | Found a hide-covered altar of Uskayaw.
  1151 | D:2      | Found a shimmering altar of Xom.
  1208 | D:2      | Reached XP level 4. HP: 11/29 MP: 4/4
  1786 | D:2      | Reached skill level 4 in Fighting
  2177 | D:3      | Reached XP level 5. HP: 9/33 MP: 5/5
  2182 | D:3      | Reached *** piety under Trog
  2446 | D:3      | Noticed Robin
  2454 | D:3      | Noticed Grinder
  2463 | D:3      | Paralysed by Grinder for 2 turns
  2471 | D:3      | Killed Grinder
  2471 | D:3      | Reached XP level 6. HP: 40/40 MP: 6/6
  2476 | D:3      | Killed Robin
  2612 | D:3      | Reached skill level 5 in Fighting
  2612 | D:3      | Reached XP level 7. HP: 44/44 MP: 7/7
  2730 | D:3      | Noticed Spectrina's ghost (weakling VSIE)
  2740 | D:3      | Found a runed translucent gate.
  2740 | D:3      | Found a runed translucent gate.
  2742 | D:3      | Found a runed translucent gate.
  2865 | D:3      | Killed Spectrina's ghost
  3054 | D:4      | Found a shattered altar of Ashenzari.
  3054 | D:4      | Found an opulent altar of Gozag.
  3054 | D:4      | Found a white marble altar of Elyvilon.
  3165 | D:4      | Killed from afar by an orc priest

Skill      XL: |  1  2  3  4  5  6 |
---------------+-------------------+-----
Axes           | 3 4 |  4.5
Dodging        | 2 3 |  3.5
Armour         | 3 4 |  4.7
Fighting       | 4 5 |  5.4

Action                   |  1- 3 |  4- 6 |  7- 9 || total
-------------------------+-------+-------+-------++-------
Melee: Hand axe          |   151 |   160 |    73 ||   384
       War axe           |       |       |    10 ||    10
Invok: Berserk           |     1 |     2 |     2 ||     5
  Eat: Chunk             |     1 |     8 |     2 ||    11
Armor: Animal skin       |    66 |    14 |       ||    80
       Chain mail        |       |    92 |    66 ||   158
Dodge: Dodged            |   142 |    96 |    45 ||   283
